Map: Tours du crépuscule

Players

zidar

  • Race: Zerg Zerg
  • League: Gold
  • Spawn Location: 7:00

elecME - Winner!

  • Race: Terran Terran
  • League: Silver
  • Spawn Location: 1:00

VOD

Have the link to the VOD?

Description

Time

  • Played on: June 10, 2016, 12:20 p.m.
  • Length: 10:56
Show
View Real Time Build Order
Export as new Build Order

zidar Zerg 

Build Orders: Hatch First 

Get SALT Encoding   

  12  0:02  Drone  
  13  0:12  Overlord  
  13  0:17  Drone  
  14  0:30  Drone x2  
  16  0:38  Drone  
  17  0:55  Hatchery  
  17  0:56  Drone  
  17  1:00  Extractor  
  17  1:01  Drone  
  17  1:32  Drone x3  
  20  1:33  Spawning Pool  
  19  1:44  Drone  
  20  1:54  Overlord  
  20  2:08  Drone x2  
  22  2:23  Queen x2  
  22  2:28  Metabolic Boost  
  26  2:31  Drone x2  
  26  2:32  Drone  
  29  2:46  Drone x3  
  32  2:59  Pneumatized Carapace  
  32  3:04  Baneling Nest  
  31  3:10  Extractor  
  31  3:11  Extractor  
  29  3:13  Queen  
  31  3:26  Hatchery  
  30  3:28  Zergling x10  
  35  3:40  Drone  
  36  3:50  Baneling x6  
  36  4:00  Extractor  
  35  4:13  Lair  
  35  4:27  Drone  
  35  4:28  Overlord  
  35  4:29  Overlord x3  
  36  4:57  Queen  
  38  5:02  Drone x2  
  38  5:03  Drone x4  
  44  5:09  Drone x5  
  44  5:12  Drone  
  50  5:33  Overlord x3  
  48  5:44  Zergling x6  
  48  5:45  Zergling x8  
  54  5:54  Centrifical Hooks  
  53  6:08  Spire  
  44  6:28  Zergling x20  
  31  7:01  Zergling x14  
  31  7:02  Zergling x10  
  39  7:32  Drone x4  
  39  7:35  Queen  
  45  7:48  Zergling x12  
  51  7:55  Baneling x2  
  51  7:56  Baneling x6  
  51  8:13  Evolution Chamber  
  50  8:25  Drone x3  
  53  8:32  Baneling x3  
  53  8:34  Baneling x3  
  53  8:36  Baneling  
  53  8:37  Baneling x3  
  53  9:00  Zerg Melee Weapons Level 1  
  53  9:04  Evolution Chamber  
  53  9:05  Drone x8  
  60  9:23  Hatchery  
  59  9:56  Drone  
  59  9:57  Drone x8  
Show
View Real Time Build Order
Export as new Build Order

elecME Terran - Winner!

Build Orders: 1/1/1 

Get SALT Encoding   

  12  0:01  SCV  
  13  0:17  Supply Depot  
  13  0:18  SCV  
  14  0:30  SCV  
  15  0:40  Barracks  
  15  0:45  SCV  
  15  0:48  Refinery  
  16  0:52  Refinery  
  16  0:57  SCV  
  17  1:09  SCV  
  18  1:27  Supply Depot, Orbital Command  
  18  1:28  Marine  
  19  1:41  Factory  
  19  1:46  Marine  
  20  2:03  SCV  
  20  2:04  Marine  
  22  2:15  SCV  
  22  2:22  Marine  
  24  2:26  Factory Tech Lab  
  24  2:29  Starport  
  24  2:30  SCV  
  25  2:40  Marine  
  26  2:44  Supply Depot  
  26  2:47  Siege Tank  
  29  3:02  Marine  
  30  3:08  Medivac  
  32  3:13  Engineering Bay  
  32  3:19  Siege Tank  
  35  3:44  Command Center, Medivac  
  37  3:58  Marine  
  38  4:04  Siege Tank  
  38  4:08  Supply Depot  
  41  4:16  Marine  
  42  4:31  Viking  
  44  4:38  Sensor Tower  
  44  4:53  Marine  
  45  5:11  Marine  
  45  5:13  SCV  
  49  5:24  Viking  
  49  5:25  SCV  
  50  5:28  Marine  
  51  5:37  SCV  
  52  5:49  SCV  
  53  5:54  Viking, Siege Tank  
  58  6:01  SCV  
  57  6:15  SCV  
  53  6:26  Siege Tank  
  53  6:27  SCV  
  57  6:56  Starport Reactor  
  57  6:58  Siege Tank  
  54  7:14  Sensor Tower  
  54  7:17  Missile Turret  
  54  7:22  Starport  
  54  7:30  Siege Tank  
  57  7:49  Viking x2  
  61  8:03  Starport Reactor  
  61  8:06  Marine  
  61  8:10  Hi-Sec Auto Tracking  
  62  8:14  Supply Depot  
  62  8:24  Marine  
  63  8:33  Command Center  
  63  8:36  Missile Turret  
  63  8:37  Supply Depot  
  63  8:42  Marine  
  64  8:56  Viking x2  
  64  8:58  Siege Tank  
  64  8:59  Marine, Supply Depot  
  72  9:06  Missile Turret  
  72  9:17  Marine  
  73  9:24  Missile Turret  
  73  9:25  Viking  
  73  9:28  Missile Turret  
  73  9:29  Supply Depot  
  75  9:37  Missile Turret  
  75  9:42  Missile Turret  
  75  9:50  Missile Turret  
  75  9:52  Planetary Fortress  
  75  10:03  Medivac  
  77  10:09  Factory  
  77  10:10  Missile Turret  
  77  10:22  Orbital Command  
  77  10:30  Refinery  
Tags
 
Add a new tag
Caveats
  • Supply blocks, unpowered buildings, or Contaminate may cause inaccurate times.
  • Supply counts are checked every 10 seconds.